 Dungeon Crawl Stone Soup version 0.23.0 (webtiles) character file.

Game seed: 5121823107214732966

24 wolfsongas the Charmwright (level 3, 0/31 HPs)
             Began as a Gnoll Skald on Feb 15, 2019.
             Succumbed to Sigmund's poison
             ... on level 2 of the Dungeon.
             The game lasted 00:01:33 (626 turns).

wolfsongas the Charmwright (Gnoll Skald)             Turns: 626, Time: 00:01:34

Health: 0/31       AC:  8    Str: 19    XL:     3   Next: 2%
Magic:  9/9        EV:  9    Int: 20    God:
Gold:   63         SH:  0    Dex: 14    Spells: 10/11 levels left

rFire    . . .     SeeInvis .   a - +0 hand axe
rCold    . . .     Gourm    .   (no shield)
rNeg     . . .     Faith    .   e - +0 chain mail
rPois    .         Spirit   .   (no helmet)
rElec    .         Reflect  .   (no cloak)
rCorr    .         Harm     .   (no gloves)
MR       .....                  (no boots)
Stlth    ..........             (no amulet)
HPRegen  0.10/turn              (no ring)
MPRegen  0.11/turn              (no ring)

@: confused, mighty, brilliant, lethally poisoned (0 -> -35)
A: distributed training, fangs 1, strong nose
a: no special abilities


You were on level 2 of the Dungeon.
You were not hungry.

You visited 1 branch of the dungeon, and saw 2 of its levels.

You collected 63 gold pieces.

Inventory:

Hand Weapons
 a - a +0 hand axe (weapon)
Armour
 e - a +0 chain mail (worn)
Scrolls
 b - a scroll of teleportation {unknown}
 f - a scroll of random uselessness {unknown}
 h - a scroll of enchant weapon {unknown}
 j - a scroll of remove curse {unknown}
Comestibles
 d - 5 rations


   Skills:
 + Level 4.5 Fighting
 + Level 0.5 Short Blades
 + Level 0.5 Long Blades
 + Level 4.5 Axes
 + Level 0.5 Maces & Flails
 + Level 0.5 Polearms
 + Level 0.5 Staves
 + Level 0.5 Slings
 + Level 0.5 Bows
 + Level 0.5 Crossbows
 + Level 0.5 Throwing
 + Level 2.5 Armour
 + Level 4.5 Dodging
 + Level 0.5 Stealth
 + Level 0.5 Shields
 + Level 0.5 Unarmed Combat
 + Level 4.9 Spellcasting
 + Level 0.4 Conjurations
 + Level 0.4 Hexes
 + Level 5.4 Charms
 + Level 0.4 Summonings
 + Level 0.4 Necromancy
 + Level 0.4 Translocations
 + Level 0.4 Transmutations
 + Level 0.4 Fire Magic
 + Level 0.4 Ice Magic
 + Level 0.4 Air Magic
 + Level 0.4 Earth Magic
 + Level 0.4 Poison Magic
 + Level 0.7 Invocations
 + Level 0.5 Evocations


You had 10 spell levels left.
You knew the following spells:

 Your Spells              Type           Power        Failure   Level  Hunger
a - Infusion              Chrm           ####         1%          1    None

Your spell library contained the following spells:

 Spells                   Type           Power        Failure   Level  Hunger
 Song of Slaying          Chrm           #####...     3%          2    #......
 Shroud of Golubria       Chrm/Tloc      ####......   8%          2    #......
 Regeneration             Chrm/Necr      ####......   14%         3    ##.....
 Spectral Weapon          Hex/Chrm       ####....     14%         3    ##.....


Dungeon Overview and Level Annotations

Branches:
Dungeon (2/15)

Altars:

Annotations:
D:2 Sigmund


Innate Abilities, Weirdness & Mutations

Your experience applies equally to all skills.
You have very sharp teeth.
Your uncanny sense of smell can sniff out nearby items.


Message History

You are confused.
It was a potion of heal wounds.
You feel much better.
You feel sick. Something hits you!
You completely miss something. You bite something!
You feel sick. Something hits you.
You are more poisoned.
You closely miss something.
* * * LOW HITPOINT WARNING * * *
You feel very sick.
You barely miss something.
* * * LOW HITPOINT WARNING * * *
You feel sick. Something hits you but does no damage.
You are more poisoned.
You hit something.
* * * LOW HITPOINT WARNING * * *
You feel very sick. Something completely misses you.
Your magical contamination has completely faded away.
You bump into the rock wall.
You die...

#.. ∆ #..
##..## #∆ ..
#....###.##...
#<.†#......
##......#
##$###..#.#$#
........# ..
..#####@#∆ .#
#{# # #.. ##.#
.. #.. ##


There were no monsters in sight!

Vanquished Creatures
  2 leopard geckos (D:1)
  A giant cockroach (D:1)
  2 hobgoblins
  3 jackals (D:1)
  6 kobolds (D:1)
  4 goblins (D:1)
  A rat (D:1)
19 creatures vanquished.

Notes
Turn   | Place    | Note
-------+----------+-------------------------------------------
     0 | D:1      | wolfsongas the Gnoll Skald began the quest for the Orb.
     0 | D:1      | Reached XP level 1. HP: 20/20 MP: 6/6
    59 | D:1      | Reached XP level 2. HP: 20/26 MP: 7/7
   602 | D:2      | Noticed Sigmund
   603 | D:2      | Reached XP level 3. HP: 31/31 MP: 9/9
   626 | D:2      | Succumbed to Sigmund's poison

Action                   || total
-------------------------++-------
Melee: Hand axe          ||    63
       Bite              ||    10
  Use: Scroll            ||     1
       Potion            ||     3
Armor: Leather armour    ||     4
       Chain mail        ||    27
Dodge: Dodged            ||    33
